 Dungeon Crawl Stone Soup version 0.19.4-10-g532645f (webtiles) character file.

526 tof the Cudgeler (level 7, 0/57 HPs)
             Began as a Yellow Draconian Skald on Feb 25, 2017.
             Was an Initiate of Ru.
             Slain by an iguana (2 damage)
             ... on level 3 of the Dungeon.
             The game lasted 00:13:11 (4071 turns).

tof the Cudgeler (Yellow Draconian Skald)           Turns: 4071, Time: 00:13:12

Health: 0/57       AC:  9    Str: 15    XL:     7   Next: 2%
Magic:  11/12      EV: 14    Int: 13    God:    Ru [......]
Gold:   201        SH:  0    Dex: 11    Spells: 3 memorised, 7 levels left

rFire  . . .     SeeInvis .     v - +0 morningstar
rCold  . . .     Gourm    .     (armour unavailable)
rNeg   . . .     Faith    .     (no shield)
rPois  .         Spirit   .     (helmet restricted)
rElec  .         Reflect  .     (no cloak)
rCorr  +         Harm     .     i - +2 pair of gloves
MR     .....                    (no boots)
Stlth  +.........               (no amulet)
                                (no ring)
                                l - +2 ring of evasion

@: infused
A: spit acid, acid resistance, unfitting armour, cold-blooded, AC +6
a: Spit Acid, Renounce Religion


You were on level 3 of the Dungeon.
You worshipped Ru.
Ru was noncommittal.
You were not hungry.

You visited 1 branch of the dungeon, and saw 4 of its levels.

You collected 201 gold pieces.

Inventory:

Hand Weapons
 a - a +0 mace
 v - a +0 morningstar (weapon)
Armour
 i - a +2 pair of gloves (worn)
Jewellery
 l - a +2 ring of evasion (left hand)
Wands
 t - a wand of slowing (5/48)
Scrolls
 d - a scroll of noise {unknown}
 e - a scroll of magic mapping {unknown}
 j - 2 scrolls of enchant armour {unknown}
 m - 2 scrolls of identify {unknown}
 s - a scroll of recharging {unknown}
 u - a scroll of teleportation {unknown}
 w - 3 scrolls of remove curse {unknown}
Potions
 f - a potion of agility {unknown}
 g - a potion of curing {unknown}
 k - a potion of degeneration {unknown}
 n - 2 potions of lignification {unknown}
 q - a potion of brilliance {unknown}
 r - a potion of magic {unknown}
Books
 b - a book of Battle

   Spells                             Type                      Level
   a - Infusion                       Charms                       1
   b - Shroud of Golubria             Charms/Translocation         2
   c - Song of Slaying                Charms                       2
   d - Spectral Weapon                Hexes/Charms                 3
   e - Regeneration                   Charms/Necromancy            3
Comestibles
 c - 3 bread rations
 h - 3 meat rations
 o - 3 royal jellies
 p - a slice of pizza
 x - a chunk of flesh


   Skills:
 + Level 3.3 Fighting
 + Level 5.2 Maces & Flails
 + Level 2.4 Dodging
 - Level 0.2 Stealth
 * Level 3.6 Spellcasting
 + Level 0.6 Hexes
 + Level 3.4 Charms
 + Level 0.2 Translocations


You had 7 spell levels left.
You knew the following spells:

 Your Spells              Type           Power        Failure   Level  Hunger
a - Infusion              Chrm           ##..         8%          1    #......
b - Shroud of Golubria    Chrm/Tloc      #.........   17%         2    ##.....
c - Spectral Weapon       Hex/Chrm       #.......     34%         3    ###....


Dungeon Overview and Level Annotations

Branches:
Dungeon (4/15)
 Temple: D:4-7

Altars:
Cheibriados
Makhleb
Ru
The Shining One

Annotations:
D:4 Natasha


Innate Abilities, Weirdness & Mutations

You can spit globs of acid.
You are resistant to acid.
Your golden yellow scales are hard. (AC +6)
You cannot fit into any form of body armour.
You are cold-blooded and may be slowed by cold attacks.


Message History

You climb upwards.
There is a stone staircase leading down here.
Casting: Infusion
Confirm with . or Enter, or press ? or * to list all spells.
You begin infusing your attacks with magical energy.
The iguana bites you but does no damage.
You completely miss the iguana.
Your tail-slap misses the iguana.
The iguana bites you.
* * * LOW HITPOINT WARNING * * *
You hit the iguana.
Your tail-slap misses the iguana.
The iguana is lightly wounded.
The iguana barely misses you.
You hit the iguana but do no damage. You tail-slap the iguana.
The iguana is moderately wounded.
The iguana bites you!
* * * LOW HITPOINT WARNING * * *
You barely miss the iguana.
The iguana is moderately wounded.
The iguana bites you.
You die...

...................########.###.#
........####..##.##########.###..
...)............................#
#.)#....####..##.##########.###.#
#..#....####..##..........#.# #.#
#..#..........##..######.##.# #.#
#..#....####.###..# #.##.# #.#
..............##..# #.##.# #.#
...............l@.######.##.# #.#
........##.#..##............# #.#
.....#..##.#...#.#######.#..# #.#
............................# #.#
........##.#.#.#.#######.##.###.#
.............#...##..............
...#...###..###..#####.#.##.###.#
..##...# #..# #..## #.#.##.# #.#
.......###..####..# #.#.##.# #.#


You could see an iguana.

Vanquished Creatures
  Menkaure (D:4)
  A scorpion (D:4)
  A hound (D:2)
  An orc priest (D:3)
  Ijyb (D:2)
  Natasha (twice) (D:4)
  4 worker ants (D:4)
  6 adders
  2 oozes (D:3)
  An adder zombie (D:2)
  A worm (D:2)
  2 leopard geckos
  4 orcs
  A bat zombie (D:2)
  4 giant cockroaches
  5 hobgoblins
  2 jackals (D:1)
  7 kobolds
  2 quokkas (D:3)
  3 ball pythons
  7 bats
  7 frilled lizards
  9 goblins
  9 rats
83 creatures vanquished.

Notes
Turn   | Place    | Note
-------+----------+-------------------------------------------
     0 | D:1      | tof the Draconian Skald began the quest for the Orb.
     0 | D:1      | Reached XP level 1. HP: 17/17 MP: 3/3
   277 | D:1      | Reached XP level 2. HP: 20/25 MP: 5/5
   583 | D:1      | Learned a level 2 spell: Shroud of Golubria
   937 | D:2      | Reached skill level 3 in Maces & Flails
   937 | D:2      | Reached XP level 3. HP: 18/30 MP: 6/6
  1313 | D:2      | Noticed Ijyb
  1330 | D:2      | Killed Ijyb
  1330 | D:2      | Reached XP level 4. HP: 31/37 MP: 1/7
  1718 | D:2      | Found a burning altar of Makhleb.
  1735 | D:2      | Reached XP level 5. HP: 35/42 MP: 0/8
  1814 | D:2      | Found a glowing golden altar of the Shining One.
  2299 | D:3      | Learned a level 3 spell: Spectral Weapon
  2310 | D:3      | Reached skill level 4 in Maces & Flails
  2612 | D:3      | Found a snail-covered altar of Cheibriados.
  2754 | D:3      | Found a sacrificial altar of Ru.
  2782 | D:3      | Became a worshipper of Ru the Awakened
  3265 | D:4      | Noticed Menkaure
  3570 | D:4      | Killed Menkaure
  3570 | D:4      | Reached XP level 6. HP: 26/51 MP: 1/10
  3800 | D:4      | Reached skill level 5 in Maces & Flails
  3952 | D:4      | Noticed Natasha
  3959 | D:4      | Killed Natasha
  3996 | D:4      | Noticed Natasha
  4007 | D:4      | Killed Natasha
  4007 | D:4      | Your scales start taking on a golden yellow colour.
  4007 | D:4      | Reached XP level 7. HP: 24/57 MP: 8/12
  4007 | D:4      | Noticed Natasha
  4070 | D:3      | HP: 2/57 [iguana (13)]
  4071 | D:3      | Slain by an iguana

Skill      XL: |  1  2  3  4  5  6 |
---------------+-------------------+-----
Charms         | 3 |  3.4
Maces & Flails | 3 4 5 |  5.2
Dodging        | 2 |  2.4
Spellcasting   | 3 |  3.6
Fighting       | 3 |  3.3
Stealth        | |  0.2
Hexes          | |  0.6
Translocations | |  0.2

Action                   |  1- 3 |  4- 6 |  7- 9 || total
-------------------------+-------+-------+-------++-------
Melee: Mace              |   130 |    68 |       ||   198
       Tailslap          |     9 |    11 |     1 ||    21
       Morningstar       |       |    81 |     4 ||    85
 Cast: Infusion          |     8 |     6 |     1 ||    15
       Shroud of Golubri |     1 |     3 |       ||     4
       Spectral Weapon   |       |     2 |       ||     2
 Stab: Sleeping          |       |     3 |       ||     3
  Eat: Chunk             |     2 |     7 |       ||     9
       Bread ration      |       |     1 |       ||     1
Armor: Skin              |    51 |    42 |     8 ||   101
Dodge: Dodged            |    90 |   128 |    16 ||   234
